Map: Tokamak LE

Players

Geralt (Gerald)

  • Race: Protoss Protoss
  • League: Master
  • Spawn Location: 1:00

STZsOs (sOs) - Winner!

  • Race: Protoss Protoss
  • League: Master
  • Spawn Location: 7:00

Event: FEL Cracov 2025

VOD

Have the link to the VOD?

Description

Time

  • Played on: July 27, 2025, 11:09 a.m.
  • Length: 11:01

All games in this series

Show
View Real Time Build Order
Export as new Build Order

Geralt Protoss 

Build Orders: Oracle Opening, Blink Stalkers 

Get SALT Encoding   

  12  0:00  Probe  
  13  0:12  Probe  
  14  0:18  Pylon  
  14  0:23  Probe  
  15  0:32  Probe  
  15  0:38  Gateway  
  15  0:40  Probe  
  16  0:46  Assimilator  
  17  0:51  Probe  
  17  0:55  Assimilator  
  18  0:59  Probe  
  19  1:08  Probe  
  19  1:11  Gateway  
  19  1:18  Probe  
  20  1:25  Cybernetics Core  
  21  1:30  Probe  
  22  1:38  Pylon  
  22  1:42  Probe  
  23  1:55  Pylon  
  23  1:56  Probe  
  24  2:02  Stalker x2  
  28  2:09  Probe  
  28  2:12  Pylon  
  28  2:14  Warp Gate  
  29  2:21  Pylon  
  29  2:24  Probe  
  30  2:32  Stargate  
  30  2:43  Probe  
  30  2:56  Nexus  
  30  2:59  Probe  
  30  3:05  Oracle  
  31  3:11  Probe  
  35  3:29  Probe, Twilight Council  
  35  3:33  Pylon  
  36  3:41  Probe  
  37  3:53  Probe, Blink  
  38  3:56  Shield Battery  
  38  4:02  Adept x2  
  42  4:05  Probe  
  43  4:10  Probe  
  44  4:17  Probe  
  44  4:19  Shield Battery  
  44  4:23  Probe  
  46  4:26  Stalker  
  46  4:27  Stalker  
  46  4:31  Probe  
  51  4:35  Probe  
  52  4:39  Gateway  
  52  4:43  Probe  
  54  4:56  Nexus  
  51  5:04  Stalker x2  
  51  5:05  Probe  
  54  5:07  Probe  
  54  5:13  Pylon  
  55  5:17  Probe  
  54  5:22  Phoenix  
  56  5:30  Stalker x2  
  59  5:36  Probe, Pylon  
  59  5:37  Gateway  
  59  5:40  Probe  
  61  5:43  Stalker  
  61  5:48  Probe  
  64  5:52  Probe  
  64  5:55  Stalker x2  
  67  6:00  Probe  
  68  6:04  Probe  
  68  6:09  Probe, Stalker  
  72  6:12  Probe  
  72  6:14  Shield Battery  
  72  6:16  Charge  
  72  6:17  Probe  
  74  6:20  Stalker x2  
  74  6:25  Probe x2  
  80  6:29  Probe  
  81  6:36  Probe x2  
  79  6:40  Probe  
  79  6:42  Stalker x2  
  79  6:44  Probe  
  79  6:45  Probe  
  84  6:48  Probe  
  84  6:52  Probe  
  84  6:53  Probe  
  86  6:55  Stalker  
  86  6:58  Probe  
  89  7:03  Probe  
  89  7:06  Probe  
  91  7:10  Probe  
  78  7:15  Probe  
  78  7:18  Probe  
  78  7:22  Forge, Probe  
  77  7:23  Stalker  
  77  7:24  Stalker x2  
  77  7:25  Gateway  
  77  7:28  Probe, Gateway  
  84  7:30  Gateway  
  84  7:31  Gateway  
  84  7:46  Zealot  
  84  7:47  Gateway  
  84  7:49  Gateway  
  84  7:51  Zealot x3, Pylon  
  92  7:52  Protoss Ground Weapons Level 1  
  92  7:56  Nexus, Pylon  
  92  8:02  Pylon  
  92  8:04  Pylon  
  92  8:12  Pylon  
  92  8:14  Zealot  
  92  8:15  Zealot x3  
  92  8:16  Probe x3  
  103  8:21  Shield Battery  
  103  8:23  Zealot x2  
  105  8:27  Zealot x2  
  105  8:34  Probe  
  104  8:47  Probe  
  103  8:48  Probe  
  103  8:53  Zealot x2  
  103  8:54  Zealot x8  
  118  8:57  Probe  
  118  9:00  Probe x2, Templar Archives  
  115  9:10  Probe  
  115  9:16  Zealot x3  
  123  9:18  Stalker  
  123  9:19  Zealot x2  
  129  9:35  Zealot  
  129  9:36  Zealot x6  
  140  9:41  Pylon  
  140  9:43  Pylon  
  140  9:48  High Templar x2, Zealot  
  140  9:52  Archon  
  146  9:59  Pylon  
  146  10:04  Zealot  
  146  10:05  Zealot x6  
  160  10:17  Probe x2  
  160  10:19  Pylon  
  160  10:22  Assimilator x2  
  150  10:29  Zealot x10  
  150  10:30  Probe  
  161  10:42  Nexus  
  141  10:50  Zealot x10  
Show
View Real Time Build Order
Export as new Build Order

STZsOs Protoss - Winner!

Build Orders: Phoenix Opening, Archon Immortal 

Get SALT Encoding   

  12  0:00  Probe  
  13  0:12  Probe  
  14  0:17  Pylon  
  14  0:24  Probe  
  15  0:32  Probe  
  15  0:38  Gateway  
  15  0:40  Probe  
  16  0:45  Assimilator  
  17  0:51  Probe  
  18  0:59  Probe  
  18  1:04  Pylon  
  19  1:05  Assimilator  
  19  1:08  Probe  
  19  1:17  Probe  
  21  1:26  Cybernetics Core  
  21  1:29  Probe  
  21  1:30  Zealot  
  24  1:41  Probe  
  25  1:53  Probe  
  26  2:01  Sentry  
  26  2:02  Warp Gate  
  26  2:05  Pylon  
  28  2:20  Pylon  
  28  2:21  Stalker  
  31  2:31  Nexus  
  30  2:37  Probe  
  31  2:51  Stargate  
  31  2:53  Probe  
  31  2:57  Shield Battery  
  34  2:58  Stalker  
  34  3:07  Probe  
  34  3:11  Pylon  
  35  3:19  Probe  
  36  3:28  Phoenix  
  36  3:31  Probe  
  36  3:34  Shield Battery  
  38  3:43  Probe  
  38  3:46  Probe  
  40  3:49  Phoenix  
  42  3:57  Probe  
  42  3:58  Probe  
  44  4:08  Stalker  
  48  4:17  Probe x2  
  48  4:22  Robotics Facility  
  50  4:28  Probe x2  
  48  4:31  Oracle  
  48  4:37  Pylon  
  48  4:38  Probe x2  
  53  4:44  Stalker  
  56  4:58  Nexus  
  56  5:00  Shield Battery  
  56  5:05  Probe x2  
  58  5:07  Immortal  
  62  5:25  Sentry  
  62  5:28  Probe x2  
  66  5:29  Gateway  
  66  5:37  Pylon  
  66  5:40  Assimilator  
  66  5:43  Immortal  
  70  5:55  Probe x2  
  72  5:58  Forge  
  70  6:10  Probe x2  
  72  6:12  Probe, Immortal  
  72  6:15  Stalker  
  75  6:20  Probe  
  75  6:22  Probe x2  
  82  6:30  Stalker  
  82  6:32  Twilight Council  
  84  6:34  Probe x2  
  84  6:43  Probe  
  84  6:45  Stalker  
  84  6:46  Probe  
  84  6:47  Pylon, Probe  
  87  6:52  Immortal  
  89  6:56  Pylon  
  89  7:00  Stalker  
  91  7:01  Protoss Ground Weapons Level 1  
  91  7:06  Charge  
  89  7:13  Stalker  
  89  7:14  Probe x2  
  89  7:15  Probe  
  87  7:24  Gateway x2  
  87  7:26  Gateway  
  87  7:30  Gateway  
  87  7:32  Warp Prism, Gateway  
  87  7:34  Gateway, Probe  
  87  7:35  Probe x2  
  92  7:39  Zealot x2  
  92  7:42  Pylon  
  96  7:49  Templar Archives  
  96  7:51  Probe  
  96  7:53  Pylon  
  97  8:04  Zealot x2  
  101  8:06  Gateway x2  
  101  8:13  Observer  
  102  8:28  High Templar x2  
  102  8:29  Zealot x5  
  102  8:32  Archon  
  114  8:36  Nexus  
  114  8:40  Immortal  
  100  8:51  Zealot x5  
  102  9:01  Zealot x5  
  112  9:15  Shield Battery  
  112  9:23  Immortal  
  116  9:26  Pylon  
  116  9:28  Pylon  
  116  9:29  Pylon  
  116  9:33  Pylon  
  116  9:44  Pylon  
  116  9:46  Photon Cannon, High Templar x2  
  116  9:47  Zealot x8  
  116  9:52  Photon Cannon, Shield Battery  
  136  9:53  Archon  
  136  10:12  Zealot x7  
  136  10:13  Zealot  
  152  10:15  Probe  
  152  10:18  Zealot  
  152  10:19  Zealot  
  157  10:21  Warp Prism  
  157  10:38  Zealot x8  
  157  10:39  Probe  
  172  10:48  Pylon x2  
  154  10:57  Zealot x2  
Tags
 
Add a new tag
Caveats
  • Supply blocks, unpowered buildings, or Contaminate may cause inaccurate times.
  • Supply counts are checked every 10 seconds.